 Dungeon Sprint DCSS version 0.28-a0-79-g444c7a33f5 (webtiles) character file.

Game seed: 8619253636033259259

64212 Zeldest the Brawler (level 15, -2/88 HPs)
             Began as a Vine Stalker Transmuter on Aug 2, 2021.
             Was the Champion of Cheibriados.
             Killed from afar by an ironbound frostheart (22 damage)
             ... by creeping frost
             ... in the Dungeon (Sprint IX: "|||||||||||||||||||||||||||||").
             The game lasted 00:12:40 (1445 turns).

Zeldest the Brawler (Vine Stalker Transmuter)       Turns: 1445, Time: 00:12:41

Health: -2/88      AC: 15    Str: 33    XL:     15   Next: 12%
Magic:  0/27       EV: 23    Int: 28    God:    Cheibriados [******]
Gold:   118        SH: 23    Dex: 34    Spells: 15/18 levels left

rFire   + + .      SeeInvis +     - Unarmed
rCold   . . .      Faith    +   t - +1 tower shield
rNeg    . . .      Spirit   +   u - +1 fire dragon scales
rPois   .          Reflect  .   (helmet currently unavailable)
rElec   .          Harm     .   (no cloak)
rCorr   +          Rampage  .   i - +0 pair of gloves
Will    ++...      NoTele   +   (boots currently unavailable)
Stlth   +.........              s - amulet of faith
HPRegen 1.24/turn               k - +3 ring of dexterity
MPRegen 0.20/turn               c - ring of Cowardice {rC+ Will+ rCorr SInv}

@: appendages, wereblooded, frozen, very slow
A: horns 2, talons 2, fangs 3, regeneration 1, magic shield, antimagic bite, no
potion heal 2
a: End Transformation, Renounce Religion, Bend Time, Temporal Distortion,
Slouch, Step From Time


You were in the Dungeon.
You worshipped Cheibriados.
Cheibriados was exalted by your worship.
You had temporarily grown beastly horns and talons.
You visited 1 branch You collected 1602 gold pieces.
You spent 1484 gold pieces at shops.

Inventory:

Armour
 a - a +0 robe
 h - a +0 helmet (melded)
 i - a +0 pair of gloves (worn)
 j - a +2 ring mail
 t - a +1 tower shield (worn)
 u - +1 fire dragon scales (worn)
Jewellery
 c - the ring of Cowardice (right hand) {rC+ Will+ rCorr SInv}
   (You bought it in a shop in the Dungeon)

   [ring of willpower]

   rC:        It protects you from cold.
   SInv:      It lets you see invisible.
   rCorr:     It protects you from acid and corrosion.
   Will:      It increases your willpower.
 k - a +3 ring of dexterity (left hand)
 l - a +3 ring of intelligence
 s - an amulet of faith (around neck)
Wands
 g - a wand of acid (1)
 v - a wand of digging (3)
Scrolls
 e - 2 scrolls of amnesia
 f - 3 scrolls of blinking
 o - a scroll of identify
 p - 3 scrolls of fear
 q - 5 scrolls of enchant armour
 r - a scroll of fog
Potions
 b - 3 potions of curing
 m - a potion of resistance
 n - 2 potions of might


   Skills:
 + Level 14.7 Fighting
 + Level 13.6 Armour
 + Level 13.8 Dodging
 + Level 10.4 Shields
 + Level 18.4 Unarmed Combat
 - Level 2.1 Spellcasting
 + Level 17.2 Transmutations
 + Level 15.8 Invocations


You had 15 spell levels left.
You knew the following spells:

 Your Spells              Type           Power      Damage    Failure   Level
a - Beastly Appendage     Tmut           100%       N/A       1%          1
b - Wereblood             Tmut           79%        N/A       1%          2

Your spell library contained the following spells:

 Spells                   Type           Power      Damage    Failure   Level
 Spider Form              Tmut/Pois      25%        N/A       10%         3
 Ice Form                 Ice/Tmut       50%        N/A       30%         4


Dungeon Overview and Level Annotations

Branches:
Dungeon (1/1)

Altars:
Cheibriados
Dithmenos
Elyvilon
Fedhas
Gozag
Hepliaklqana
Kikubaaqudgha
Makhleb
Nemelex Xobeh
Okawaru
Qazlal
Ru
Sif Muna
Trog
Uskayaw
Vehumet
Wu Jian
Xom
Yredelemnul
Zin
The Shining One
Beogh
Jiyva
Lugonu

Shops:
D (*==


Innate Abilities, Weirdness & Mutations

You have temporarily grown beastly horns and talons.
You have razor-sharp teeth.
Your natural rate of healing is unusually fast.
When hurt, damage is shared between your health and your magic reserves.
Your bite disrupts and absorbs the magic of your enemies.
Potions cannot restore your health.


Message History

A yaktaur, 4 humans and an ironbound thunderhulk come into view.
The ironbound convoker shouts!
The yaktaur shouts!
The vault sentinel shouts!
The ironbound frostheart shouts!
The ironbound thunderhulk shouts!
The ironbound frostheart shouts!
You hear a shout!
The ironbound frostheart calls freezing cold from the walls.
The frost grips you!!
You are encased in ice.
The vault sentinel blows a loud note on a signal horn!
You hear a shout! x3
An ironbound preserver comes into view. It is wielding a +0 mace.
The ice encasing you melts away.
The ironbound preserver shouts!
You block the ironbound frostheart's attack.
The ironbound frostheart calls freezing cold from the walls.
The frost grips you!!!
You are encased in ice.
The ironbound frostheart misses you.
The ironbound frostheart calls freezing cold from the walls.
The frost grips you!
An ironbound frostheart comes into view.
There is an open door to the Vaults here.
You pummel the ironbound frostheart!! You claw the ironbound frostheart!
Your headbutt misses the ironbound frostheart.
You bite the ironbound frostheart.
The ironbound frostheart's magic leaks into the air.
You drain its magic.
You feel invigorated.
The ironbound frostheart is heavily wounded.
The ironbound frostheart calls freezing cold from the walls.
The frost grips you!!
* * * LOW HITPOINT WARNING * * *
The ironbound frostheart calls freezing cold from the walls.
The frost grips you!
* * * LOW HITPOINT WARNING * * *
You punch the ironbound frostheart! You claw the ironbound frostheart!
You feel a bit better.
You kill the ironbound frostheart!
Cheibriados appreciates the change of pace.
The ironbound frostheart calls freezing cold from the walls.
The frost grips you!!
You die...

.▓.▓.▓.▓.▓.▓.▓.▓
.▓.▓)▓.▓)▓.▓.▓.▓p▓
†▓.▓)▓.▓)▓.▓.▓.▓p▓
'▓.▓)▓.▓.▓.▓.▓.▓c▓
.▓.▓'▓.▓?▓.▓.▓.▓p▓
.▓.▓.▓.▓.▓.▓.▓.▓p▓
.▓.▓.▓.▓?▓.▓.▓.▓O▓
.▓.▓.▓.▓.▓)▓)▓.▓[▓
.▓.▓.▓.▓!▓)▓)▓.▓@▓
.▓.▓.▓.▓.▓)▓'▓.▓.▓
.▓.▓)▓.▓!▓)♣†♣.▓.▓
.▓.▓)▓.▓!▓.♣)♣.▓.▓
.▓.▓)▓.▓.▓.♣.♣.▓.▓
†▓.▓)▓.▓[▓.♣.♣.▓.▓
†▓.▓)▓.▓[▓.♣.♣)▓.▓
.▓.▓)▓.▓.▓.♣.♣.▓.▓
.▓.▓)▓.▓.▓.♣)♣.▓.▓


You could see an ironbound preserver, an ironbound thunderhulk, 2 ironbound
frosthearts, a vault sentinel and a yaktaur.

Vanquished Creatures
  Saint Roka (D)
  A lich (D)
  A thorn hunter (D)
  Kirke (D)
  6 fire giants (D)
  2 stone giants (D)
  A bunyip (D)
  Azrael (D)
  An ettin (D)
  2 spark wasps (D)
  An eleionoma (D)
  2 merfolk impalers (D)
  4 hydras (D)
  2 fire dragons (D)
  2 great orbs of eyes (D)
  An ice dragon (D)
  A boulder beetle (D)
  Erolcha (D)
  An ogre mage (D)
  2 catoblepae (D)
  An ironbound frostheart (D)
  A two-headed ogre (D)
  Erica (D)
  A centaur warrior (D)
  A tengu warrior (D)
  A deep troll shaman (D)
  3 death yaks (D)
  A deep troll earth mage (D)
  A naga sharpshooter (D)
  An orc high priest (D)
  A spriggan (D)
  Nergalle (D)
  A goliath frog (D)
  2 sea snakes (D)
  A glowing orange brain (D)
  2 wolf spiders (D)
  2 orc knights (D)
  A bog body (D)
  8 orc sorcerers (D)
  A necromancer (D)
  A manticore (D)
  3 cyclopes (D)
  4 ugly things (D)
  Maurice (D)
  4 naga magi (D)
  2 black mambas (D)
  A water nymph (shapeshifter) (D)
  A kobold demonologist (D)
  2 cane toads (D)
  A komodo dragon (shapeshifter) (D)
  A rime drake (D)
  A tengu conjurer (D)
  4 komodo dragons (D)
  A demonic crawler (D)
  A merfolk (D)
  A bloated husk (D)
  4 jumping spiders (D)
  A tyrant leech (D)
  A snapping turtle (D)
  A hornet (D)
  A slime creature (D)
  A blink frog (D)
  A redback (D)
  2 yaks (D)
  2 fire elementals (D)
  Grum (D)
  A vampire mosquito (D)
  2 nagas (D)
  2 hell hounds (D)
  2 water moccasins (D)
  13 orc warriors (D)
  A sky beast (D)
  A black bear (D)
  An ogre (D)
  5 wolves (D)
  3 bullfrogs (D)
  5 orc priests (D)
  An iguana (D)
  12 orc wizards (D)
  7 orcs (D)
  2 bats (D)
  An endoplasm (D)
  A frilled lizard (D)
  A giant cockroach zombie (D)
  A rat (D)
172 creatures vanquished.

Vanquished Creatures (others)
  A catoblepas (D)
  5 humans (D)
6 creatures vanquished.

Grand Total: 178 creatures vanquished

Notes
Turn   | Place    | Note
-------+----------+-------------------------------------------
     0 | D        | Zeldest the Vine Stalker Transmuter began the quest for the
                  | Orb.
     0 | D        | Reached XP level 1. HP: 9/9 MP: 4/4
    18 | D        | Reached skill level 4 in Unarmed Combat
    26 | D        | Noticed a sky beast
    26 | D        | Noticed a black bear
    26 | D        | Noticed an iguana
    26 | D        | Noticed an ogre
    31 | D        | Killed an ogre
    32 | D        | Reached skill level 7 in Unarmed Combat
    32 | D        | Reached skill level 5 in Transmutations
    32 | D        | Reached XP level 2. HP: 13/14 MP: 4/6
    32 | D        | Reached XP level 3. HP: 16/17 MP: 4/7
    32 | D        | Gained mutation: Your natural rate of healing is unusually
                  | fast. [Vine Stalker growth]
    32 | D        | Reached XP level 4. HP: 20/21 MP: 4/8
    35 | D        | Reached skill level 8 in Unarmed Combat
    35 | D        | Reached XP level 5. HP: 24/25 MP: 4/9
    39 | D        | Killed a black bear
    40 | D        | Reached skill level 9 in Unarmed Combat
    48 | D        | Killed a sky beast
    49 | D        | Reached skill level 10 in Unarmed Combat
    49 | D        | Reached XP level 6. HP: 16/29 MP: 5/10
    53 | D        | Found a snail-covered altar of Cheibriados.
    53 | D        | Found a shadowy altar of Dithmenos.
    53 | D        | Found a white marble altar of Elyvilon.
    53 | D        | Found a blossoming altar of Fedhas.
    53 | D        | Found an opulent altar of Gozag.
    54 | D        | Found a hazy altar of Hepliaklqana.
    55 | D        | Found a viscous altar of Jiyva.
    56 | D        | Found an ancient bone altar of Kikubaaqudgha.
    57 | D        | Became a worshipper of Cheibriados the Contemplative
    58 | D        | Found a corrupted altar of Lugonu.
    59 | D        | Found a burning altar of Makhleb.
    60 | D        | Found a sparkling altar of Nemelex Xobeh.
    61 | D        | Found an iron altar of Okawaru.
    62 | D        | Found a stormy altar of Qazlal.
    63 | D        | Found a sacrificial altar of Ru.
    64 | D        | Found a shimmering blue altar of Sif Muna.
    65 | D        | Found a bloodstained altar of Trog.
    66 | D        | Found a hide-covered altar of Uskayaw.
    67 | D        | Found a radiant altar of Vehumet.
    68 | D        | Found an ornate altar of the Wu Jian Council.
    69 | D        | Found a shimmering altar of Xom.
    70 | D        | Found a basalt altar of Yredelemnul.
    71 | D        | Found a glowing silver altar of Zin.
    72 | D        | Found a glowing golden altar of the Shining One.
   122 | D        | Learned a level 2 spell: Wereblood
   123 | D        | Noticed an orc warrior
   123 | D        | Noticed a vampire mosquito
   123 | D        | Noticed a kobold demonologist
   128 | D        | Reached skill level 1 in Fighting
   132 | D        | Killed a kobold demonologist
   132 | D        | Reached * piety under Cheibriados
   133 | D        | Reached skill level 11 in Unarmed Combat
   133 | D        | Reached XP level 7. HP: 30/36 MP: 11/11
   138 | D        | Killed a vampire mosquito
   143 | D        | Reached ** piety under Cheibriados
   148 | D        | Gained mutation: You have razor-sharp teeth. [Vine Stalker
                  | growth]
   148 | D        | Reached XP level 8. HP: 30/42 MP: 10/12
   155 | D        | Noticed a white ugly thing
   155 | D        | Noticed a cyclops
   155 | D        | Noticed a two-headed ogre
   155 | D        | Noticed a centaur warrior
   155 | D        | Noticed a cyclops
   155 | D        | Noticed a slime creature
   158 | D        | Killed a cyclops
   159 | D        | Reached skill level 12 in Unarmed Combat
   159 | D        | Reached skill level 5 in Invocations
   159 | D        | Killed a centaur warrior
   159 | D        | Reached *** piety under Cheibriados
   160 | D        | Reached skill level 5 in Fighting
   160 | D        | Reached skill level 5 in Armour
   160 | D        | Reached skill level 5 in Dodging
   160 | D        | Reached skill level 10 in Transmutations
   160 | D        | Reached XP level 9. HP: 20/48 MP: 4/14
   160 | D        | Killed a two-headed ogre
   160 | D        | Reached **** piety under Cheibriados
   161 | D        | Killed a cyclops
   164 | D        | Killed a white ugly thing
   165 | D        | Reached skill level 13 in Unarmed Combat
   165 | D        | Reached XP level 10. HP: 30/55 MP: 5/16
   272 | D        | Noticed a cane toad
   272 | D        | Noticed a seven-headed hydra
   276 | D        | Reached ***** piety under Cheibriados
   278 | D        | Killed a cane toad
   281 | D        | Killed a seven-headed hydra
   297 | D        | Noticed a cane toad
   297 | D        | Noticed an eight-headed hydra
   299 | D        | Killed an eight-headed hydra
   299 | D        | Noticed a four-headed hydra
   302 | D        | Reached ****** piety under Cheibriados
   304 | D        | Killed a cane toad
   305 | D        | Reached XP level 11. HP: 42/60 MP: 17/19
   311 | D        | Reached skill level 14 in Unarmed Combat
   312 | D        | Killed a four-headed hydra
   329 | D        | Noticed a death yak
   329 | D        | Noticed a death yak
   329 | D        | Noticed a catoblepas
   329 | D        | Noticed a catoblepas
   330 | D        | Noticed a catoblepas
   335 | D        | Killed a catoblepas
   336 | D        | Reached skill level 10 in Invocations
   339 | D        | Noticed a death yak
   339 | D        | Killed a catoblepas
   349 | D        | Killed a death yak
   363 | D        | Killed a death yak
   375 | D        | Killed a catoblepas
   376 | D        | Reached skill level 10 in Fighting
   379 | D        | Killed a death yak
   418 | D        | Noticed Erica
   430 | D        | Killed Erica
   442 | D        | Noticed Erolcha
   449 | D        | Killed Erolcha
   450 | D        | Reached XP level 12. HP: 44/68 MP: 18/21
   526 | D        | Noticed an orc high priest
   534 | D        | Reached skill level 15 in Unarmed Combat
   549 | D        | Noticed a sun demon
   551 | D        | Killed an orc high priest
   569 | D        | Reached skill level 10 in Dodging
   574 | D        | Reached skill level 10 in Armour
   639 | D        | Found Sikkoc's Jewellery Boutique.
   645 | D        | Found Uttumok's Jewellery Shop.
   654 | D        | Found Keakliji's Assorted Antiques.
   666 | D        | Found Exzeppeung's Antique Weapon Shop.
   670 | D        | Noticed a soul eater
   676 | D        | Noticed a soul eater
   707 | D        | Bought a scroll of enchant armour for 157 gold pieces
   707 | D        | Bought a potion of might for 84 gold pieces
   711 | D        | Bought the ring of Cowardice {rC+ Will+ rCorr SInv} for 683
                  | gold pieces
   711 | D        | Bought an amulet of faith for 560 gold pieces
   825 | D        | Found the +6 shillelagh "Devastator" {shatter}
   873 | D        | Noticed a boulder beetle
   873 | D        | Noticed an ogre mage
   878 | D        | Reached skill level 1 in Shields
   879 | D        | Killed an ogre mage
   879 | D        | Noticed a tengu warrior
   880 | D        | Noticed a great orb of eyes
   885 | D        | Killed a boulder beetle
   887 | D        | Killed a tengu warrior
   888 | D        | Reached XP level 13. HP: 71/74 MP: 13/23
   889 | D        | Killed a great orb of eyes
   890 | D        | Reached skill level 16 in Unarmed Combat
   895 | D        | Noticed a fire giant
   896 | D        | Noticed a fire giant
   902 | D        | Killed a fire giant
   911 | D        | Killed a fire giant
   937 | D        | Noticed Nergalle
   942 | D        | Killed Nergalle
   967 | D        | Noticed Saint Roka
   981 | D        | Killed Saint Roka
   982 | D        | Reached skill level 5 in Shields
   982 | D        | Reached skill level 15 in Transmutations
  1004 | D        | Noticed Grum
  1011 | D        | Killed Grum
  1044 | D        | Noticed a spark wasp
  1059 | D        | Killed a spark wasp
  1074 | D        | Noticed an eleionoma
  1076 | D        | Noticed a bunyip
  1078 | D        | Killed an eleionoma
  1079 | D        | Noticed a thorn hunter
  1080 | D        | Reached skill level 17 in Unarmed Combat
  1086 | D        | Reached XP level 14. HP: 50/82 MP: 17/25
  1089 | D        | Killed a thorn hunter
  1116 | D        | HP: 3/82 [poisoned by a merfolk impaler]
  1121 | D        | HP: 4/82 [poisoned by a merfolk impaler]
  1226 | D        | Noticed Azrael
  1235 | D        | Killed Azrael
  1268 | D        | Noticed Maurice
  1273 | D        | Killed Maurice
  1290 | D        | Noticed Kirke
  1299 | D        | Killed Kirke
  1331 | D        | Noticed a stone giant
  1331 | D        | Noticed a stone giant
  1334 | D        | Noticed a fire giant
  1338 | D        | Reached skill level 15 in Invocations
  1341 | D        | Noticed a fire giant
  1346 | D        | Killed a stone giant
  1349 | D        | Killed a stone giant
  1349 | D        | Noticed a fire giant
  1355 | D        | Killed a fire giant
  1356 | D        | Reached skill level 18 in Unarmed Combat
  1357 | D        | Noticed a fire giant
  1363 | D        | Killed a fire giant
  1371 | D        | Killed a fire giant
  1375 | D        | Killed a fire giant
  1376 | D        | Reached skill level 10 in Shields
  1380 | D        | Reached XP level 15. HP: 59/88 MP: 27/27
  1389 | D        | Noticed a lich
  1412 | D        | Killed a lich
  1445 | D        | Killed from afar by an ironbound frostheart

Illustrated notes

Levels and vault maps discovered:
D:        linesprint [early_d, line_temple, items_1, d_10, items_2, lair_1,
          lair_end, items_3, orc_1, orc_end, items_4, d_15, swamp_1, shoals_1,
          snake_1, spider_1, d_20, vaults_1, items_5, swamp_end, shoals_end,
          snake_end, spider_end, vaults_end, d_27, items_6, zot_1, zot_end,
          crypt_end, forest_end, elf_end, slime_end, tomb_end, abyss_end,
          pan_hell_end]

Skill      XL: |  1  2  3  4  5  6  7  8  9 10 11 12 13 14 |
---------------+-------------------------------------------+-----
Unarmed Combat | 7 8 10 11 12 13 14 15 17 18 | 18.4
Transmutations | 5 7 8 9 10 11 12 13 14 15 17 | 17.2
Fighting       | 3 4 5 7 8 10 11 13 14 | 14.7
Armour         | 2 3 5 6 7 9 10 12 13 | 13.6
Dodging        | 3 5 6 8 9 11 12 13 | 13.8
Invocations    | 3 4 6 7 9 11 12 14 15 | 15.8
Shields        | 2 7 10 | 10.4
Spellcasting   | |  2.1

Action                   |  1- 3 |  4- 6 |  7- 9 | 10-12 | 13-15 || total
-------------------------+-------+-------+-------+-------+-------++-------
Melee: Unarmed           |    17 |    23 |    16 |   118 |   176 ||   350
       Kick              |     5 |     4 |     3 |    45 |    87 ||   144
       Bite              |     1 |     5 |     3 |    54 |   107 ||   170
       Headbutt          |     1 |     3 |     3 |    31 |    53 ||    91
       Punch             |       |       |     1 |    11 |       ||    12
 Cast: Beastly Appendage |     2 |     1 |     1 |    10 |     8 ||    22
       Wereblood         |       |     1 |       |     9 |     8 ||    18
Invok: Slouch            |       |       |       |    12 |     8 ||    20
       Step From Time    |       |       |       |       |     2 ||     2
Evoke: Wand              |       |       |     8 |       |     1 ||     9
  Use: Potion            |     2 |       |       |     2 |     6 ||    10
       Scroll            |       |       |       |       |     1 ||     1
 Stab: Petrified         |       |       |       |     3 |       ||     3
       Invisible         |       |       |       |     2 |       ||     2
       Petrifying        |       |       |       |     1 |       ||     1
Armor: Robe              |     2 |     3 |       |       |       ||     5
       Ring mail         |       |     3 |     4 |    20 |       ||    27
       Fire dragon scale |       |       |       |       |    23 ||    23
Dodge: Dodged            |     8 |     9 |     6 |    66 |    89 ||   178
Block: Tower shield      |       |       |       |     4 |   168 ||   172

Table legend: (Time is in decaauts)
 A = Elapsed time spent in this place.
 B = Non-inter-level travel time spent in this place.
 C = Inter-level travel time spent in this place.
 D = Time resting spent in this place.
 E = Time spent auto-exploring this place.
 F = Levels seen in this place.
 G = Mean time per level.
                   A        B        C        D        E       F      G
               +--------+--------+--------+--------+--------+-----+--------+
         Total |   2215 |   2215 |      0 |      0 |      0 |   1 | 2215.0 |
       Dungeon |   2215 |   2215 |      0 |      0 |      0 |   1 | 2215.0 |
               +--------+--------+--------+--------+--------+-----+--------+

Top non-repeatable levels by time:
       D: 2215 daAuts
